 Dungeon Crawl Stone Soup version 0.31.0-32-g396128a36d (webtiles) character file.

Game seed: 13941583335306364778

297 spaghetti the Grave Robber (level 6, 0/49 HPs)
             Began as a Naga Necromancer on Mar 9, 2024.
             Was a Plaything of Xom.
             Slain by Pikel
             ... wielding a +1 whip of flaming
              (1 damage)
             ... on level 4 of the Dungeon.
             The game lasted 00:07:18 (4363 turns).

spaghetti the Grave Robber (Naga Necromancer)       Turns: 4363, Time: 00:07:18

Health: 0/49       AC:  6    Str: 10 (11) XL:     6   Next: 35%
Magic:  8/9        EV:  9    Int: 23      God:    Xom [.*....]
Gold:   229        SH:  0    Dex: 15      Spells: 4/9 levels left

rFire   . . .        k - +3 dagger (pain)
rCold   + . .        (no shield)
rNeg    . . .        w - +1 leather armour of Xoynk {Dex+4}
rPois   +            g - +0 helmet
rElec   .            u - +0 cloak of Untold Secrets {rC+ Will+}
rCorr   .            (no gloves)
SInv    +            (no barding)
Will    +....        (no amulet)
Stlth   +            d - +6 ring of intelligence
HPRegen 0.28/turn    r - ring of wizardry
MPRegen 0.11/turn

%: wizardry (x1)
@: silenced, very slow
A: AC +2, large, see invisible, deformed body, poison resistance, slowness 2,
spit poison 1, naga tail 1
a: Spit Poison, Renounce Religion


You were on level 4 of the Dungeon.
You worshipped Xom.
You were a plaything of Xom.
You visited 2 branches of the dungeon, and saw 5 of its levels.

You collected 229 gold pieces.

Inventory:

Hand Weapons
 c - a +0 heavy dagger
 k - a +3 dagger of pain (weapon)
Armour
 g - a +0 helmet (worn)
 u - the +0 cloak of Untold Secrets (worn) {rC+ Will+}
   (You found it on level 4 of the Dungeon)

   rC+:       It protects you from cold.
   Will+:     It increases your willpower.
 w - the +1 leather armour of Xoynk (worn) {Dex+4}
   (You found it on level 4 of the Dungeon)

   Dex+4:     It affects your dexterity (+4).
Jewellery
 d - a +6 ring of intelligence (left hand)
 f - a +6 ring of strength
 h - a +6 ring of strength
 j - a ring of poison resistance
 l - an amulet of faith
 n - a ring of flight
 r - a ring of wizardry (right hand)
Wands
 a - a wand of roots (5)
 o - a wand of flame (11)
Scrolls
 s - a scroll of immolation
Potions
 b - a potion of magic
 e - 2 potions of curing
 p - a potion of brilliance


   Skills:
 - Level 1.5 Dodging
 - Level 3.0 Stealth
 - Level 2.0 Spellcasting
 + Level 7.4 Necromancy


You had 4 spell levels left.
You knew the following spells:

 Your Spells              Type           Power      Damage    Failure   Level
a - Necrotise             Necr           100%       1d9       1%          1
b - Animate Dead          Necr           36%        N/A       3%          4

Your spell library contained the following spells:

 Spells                   Type           Power      Damage    Failure   Level
 Vampiric Draining        Necr           36%        2d8       1%          3
 Lesser Beckoning         Tloc           4%         N/A       11%         2
 Gell's Gravitas          Tloc           2%         N/A       21%         3
 Teleport Other           Tloc           2%         N/A       21%         3
 Curse of Agony           Necr           36%        N/A       9%          5
 Haunt                    Necr/Summ      9%         N/A       100%        7
 Borgnjor's Revivificati  Necr           18%        N/A       100%        8
 Death's Door             Necr           18%        N/A       100%        9


Dungeon Overview and Level Annotations

Branches:
Dungeon (4/15)             Temple (1/1) D:4

Altars:
Ashenzari
Cheibriados
Elyvilon
Fedhas
Kikubaaqudgha
Makhleb
Nemelex Xobeh
Qazlal
Sif Muna
Trog
Uskayaw
Vehumet
Xom
Yredelemnul
The Shining One

Shops:
D:3 *

Annotations:
D:4 Pikel


Innate Abilities, Weirdness & Mutations

Your serpentine skin is tough. (AC +2)
You have supernaturally acute eyesight. (SInv)
Armour fits poorly on your strangely shaped body.
Your system is resistant to poisons. (rPois)
You cover ground very slowly.
You can spit poison.
You have a snake-like lower body.


Message History

You closely miss Pikel.
Pikel is severely wounded.
Pikel barely misses you.
You miss Pikel.
Pikel is severely wounded.
Pikel zaps a wand.
The puff of flame hits you!
You closely miss Pikel.
Pikel is severely wounded.
Pikel closely misses you.
You hit Pikel but do no damage.
Pikel writhes in agony.
Pikel is severely wounded.
Pikel hits you with a +1 whip of flaming.
Pikel burns you.
You barely miss Pikel.
Pikel is severely wounded.
Pikel hits you with a +1 whip of flaming.
* * * LOW HITPOINT WARNING * * *
Pikel burns you.
* * * LOW HITPOINT WARNING * * *
You feel better.
Pikel zaps a wand.
The puff of flame hits you.
* * * LOW HITPOINT WARNING * * *
You hit Pikel.
Pikel writhes in agony.
Pikel is almost dead.
Pikel barely misses you.
You closely miss Pikel.
Pikel is almost dead.
Pikel waves his whip at you.
Pikel hits you with a +1 whip of flaming.
* * * LOW HITPOINT WARNING * * *
Pikel burns you.
* * * LOW HITPOINT WARNING * * *
You hit Pikel but do no damage.
Pikel is almost dead.
You hear Xom's avuncular chuckle.
Pikel flickers and vanishes for a moment.
Pikel hits you with a +1 whip of flaming.
* * * LOW HITPOINT WARNING * * *
Pikel burns you.
You die...
Xom roars with laughter!

##############.......##........##
K5#..................##..........
#............#.######.......###
#............#.# ######.....
#............#.# ######
#............#.# ##############.#
#.# #@# ##########K# #...5.K5...#
#.########## #######.# ........#
#########


You could see Pikel (invisible).

Vanquished Creatures
  A lemure (D:4)
  A hound (D:4)
  A bombardier beetle (D:3)
  A sleepcap (D:4)
  Ijyb (D:3)
  Terence (D:3)
  An orc wizard (D:3)
  Robin (D:2)
  4 adders
  3 dart slugs
  3 ribbon worms
  3 orcs (D:3)
  3 bats
  5 endoplasms
  2 giant cockroaches
  15 goblins
  3 hobgoblins
  2 quokkas (D:1)
  6 ball pythons
  3 frilled lizards
  7 kobolds
  5 rats
72 creatures vanquished.

Vanquished Creatures (collateral kills)
  An orc (D:3)
1 creature vanquished.

Vanquished Creatures (others)
  An adder zombie (D:4)
1 creature vanquished.

Grand Total: 74 creatures vanquished

Notes
Turn   | Place    | Note
-------+----------+-------------------------------------------
     0 | D:1      | spaghetti the Naga Necromancer began the quest for the Orb.
     0 | D:1      | Reached XP level 1. HP: 15/15 MP: 3/3
   211 | D:1      | Reached XP level 2. HP: 13/22 MP: 3/5
   709 | D:2      | Reached skill level 5 in Necromancy
   709 | D:2      | Reached XP level 3. HP: 24/28 MP: 1/6
   950 | D:2      | Noticed Robin
  1138 | D:2      | Reached XP level 4. HP: 35/36 MP: 2/7
  1231 | D:2      | Identified a scroll of acquirement
  1231 | D:2      | Acquired a Necronomicon
  1341 | D:2      | Learned a level 4 spell: Animate Dead
  1505 | D:2      | Killed Robin
  1883 | D:3      | Found Bewuj's General Store.
  1927 | D:3      | Found a basalt altar of Yredelemnul.
  1988 | D:3      | Reached skill level 6 in Necromancy
  2055 | D:3      | Noticed Terence
  2061 | D:3      | Killed Terence
  2062 | D:3      | Reached XP level 5. HP: 32/42 MP: 1/8
  2488 | D:3      | Noticed Ijyb
  2497 | D:3      | Killed Ijyb
  2875 | D:3      | Reached skill level 7 in Necromancy
  2875 | D:3      | Reached XP level 6. HP: 49/49 MP: 4/9
  3046 | D:4      | Found a stormy altar of Qazlal.
  3095 | D:4      | Found a staircase to the Ecumenical Temple.
  3431 | D:4      | Identified the +0 cloak of Untold Secrets {rC+ Will+}
  3739 | D:4      | Identified the +1 leather armour of Xoynk {Dex+4}
  3757 | D:4      | Noticed Pikel
  3877 | Temple   | Entered the Ecumenical Temple
  3904 | Temple   | Became a worshipper of Xom the Fickle
  4127 | D:4      | XOM: silly message
  4132 | D:4      | XOM: scenery: 1 doors close
  4363 | D:4      | XOM: enchant monster (bad)
  4363 | D:4      | HP: 1/49 [Pikel/+1 whip of flaming (6)]
  4363 | D:4      | Slain by Pikel

Illustrated notes

Levels and vault maps discovered:
D:1:      lightli_arrival_statuegarden, layout_rooms, hex_tiny
D:2:      layout_loops_ring, serial_bayou_pond_e, uniq_robin
D:3:      layout_loops_ring, mainiacjoe_overflow_concentric_impassable,
          serial_shops, shop, uniq_terence, uniq_ijyb
D:4:      layout_basic, nicolae_qazlal_eye_of_the_storm, temple_doors_e,
          uniq_pikel
Temple:   nicolae_temple_ecumenical_triangle

Skill      XL: |  1  2  3  4  5 |
---------------+----------------+-----
Necromancy     | 5 6 7 |  7.4
Dodging        | |  1.5
Stealth        | |  3.0
Spellcasting   | |  2.0

Action                     |  1- 3 |  4- 6 || total
---------------------------+-------+-------++-------
  Melee: Dagger            |    14 |    26 ||    40
   Cast: Necrotise         |    62 |    79 ||   141
         Animate Dead      |       |     1 ||     1
Ability: Spit Poison       |     3 |     3 ||     6
  Evoke: Wand              |       |     8 ||     8
    Use: Scroll            |     2 |     7 ||     9
         Potion            |       |     7 ||     7
   Stab: Sleeping          |       |     1 ||     1
 Armour: Robe              |    36 |    19 ||    55
         Leather armour    |       |    29 ||    29
  Dodge: Dodged            |    14 |    17 ||    31
